 Dungeon Crawl Stone Soup version 0.31-a0-188-g5e087ee2ca (webtiles) character file.

Game seed: 16167064996244794002

94 qw the Shooter (level 4, -2/25 HPs)
             Began as a Deep Elf Hunter on June 23, 2023.
             Slain by an orc
             ... wielding a +0 club
              (4 damage)
             ... on level 3 of the Dungeon.
             The game lasted 00:00:48 (1704 turns).

qw the Shooter (Deep Elf Hunter)                    Turns: 1704, Time: 00:00:49

Health: -2/25      AC:  8    Str: 10    XL:     4   Next: 38%
Magic:  6/6        EV: 11    Int: 14    God:
Gold:   19         SH:  0    Dex: 18    Spells: 3/3 levels left

rFire   . . .        Y - +0 shortbow (flame)
rCold   . . .        (shield currently unavailable)
rNeg    . . .        c - +0 ring mail
rPois   .            (no helmet)
rElec   .            (no cloak)
rCorr   .            h - +2 pair of gloves
SInv    .            (no boots)
Will    .....        (no amulet)
Stlth   +            (no ring)
HPRegen 0.24/turn    (no ring)
MPRegen 0.10/turn

%: no passive effects
@: no status effects
A: no striking features
a: no special abilities


You were on level 3 of the Dungeon.
You visited 1 branch of the dungeon, and saw 3 of its levels.

You collected 133 gold pieces.
You spent 114 gold pieces at shops.


   Skills:
 - Level 1.5 Fighting
 + Level 7.8 Ranged Weapons
 - Level 2.4 Dodging
 - Level 1.2 Stealth


You had 3 spell levels left.
You didn't know any spells.
Your spell library was empty.

Inventory:

Hand Weapons
 Y - a +0 shortbow of flaming (weapon)
Armour
 c - a +0 ring mail (worn)
 h - a +2 pair of gloves (worn)
Scrolls
 a - 2 scrolls of identify
Potions
 e - a potion of might
 j - 3 potions of curing

Dungeon Overview and Level Annotations

Branches:
Dungeon (3/15)

Altars:
Okawaru
Uskayaw
Wu Jian
The Shining One

Shops:
D:3 ?

Annotations:
D:3 2 transporters


Message History

You shoot an arrow. The arrow closely misses the gnoll.
The gnoll shouts!
You hear a shout!
An orc comes into view. It is wielding a +0 short sword.
You shoot an arrow. The arrow barely misses the gnoll. x2
The orc shouts!
A gnoll comes into view. It is wielding a +0 whip.
You shoot an arrow. The arrow closely misses the gnoll.
An orc comes into view. It is wielding a +0 club.
You shoot an arrow. The orc shouts!
The arrow hits the gnoll but does no damage.
You shoot an arrow. The arrow barely misses the gnoll.
The arrow hits the orc!
The arrow burns the orc.
You kill the orc!
The gnoll hits you with a +0 whip.
An orc wizard comes into view. It is wielding a +0 dagger.
You shoot an arrow. The arrow hits the gnoll.
The arrow burns the gnoll.
The gnoll is moderately wounded.
The gnoll completely misses you.
An orc comes into view. It is wielding a +0 trident.
The gnoll hits you with a +0 whip.
You shoot an arrow. The arrow hits the gnoll.
The arrow burns the gnoll.
The gnoll is moderately wounded.
You shoot an arrow. The arrow hits the gnoll.
The arrow burns the gnoll.
The gnoll is heavily wounded.
The gnoll hits you with a +0 flail.
The orc wizard casts a spell.
The orc wizard flickers and vanishes!
Deactivating autopickup; reactivate with Ctrl-A.
You hear a shout!
You shoot an arrow. The arrow closely misses the gnoll.
The gnoll closely misses you. The gnoll hits you with a +0 flail.
You shoot an arrow. The arrow hits the gnoll.
The arrow burns the gnoll.
The gnoll is almost dead.
The gnoll closely misses you. The gnoll hits you with a +0 whip!
The gnoll hits you but does no damage.
The gnoll splashes around in the water.
You shoot an arrow. The arrow hits the gnoll!
The arrow burns the gnoll.
You kill the gnoll!
The orc hits you with a +0 club.
You die...

..## #.##..### ...##
~.~.~.~.~.~.~.~#....## # ##..#
.~.~.~.~.~.~..~#..### # ####
.~.~.~.~.o.~.~.~#..# #
..~...~...~...~~##.# #
.~.~.~.~)~.~.~~~ #.## # ###
~~...~.~.~...~~~# #..# # w.#####
~~.~.~.ggo.~~~# ##.# # #..##.#
~~~...~)@.~~~# ###.#####
##....###~~~.~.~.~~~###.#)..##...
#####..##~~~.[.~~~###..#\.....##
##_##..##~~...~~###..##....####
##.####.<###%''###...# #........
#.#.#.#...#...)....# #...#....
#.##..#...........### #...#....
##.####...###.#.....# #...#....
##.#####.###.##.##....#.....###


You could see 2 gnolls and 2 orcs.

Vanquished Creatures
  A sleepcap (D:2)
  An adder (D:3)
  A gnoll (D:3)
  A worm (D:3)
  2 dart slugs
  5 orcs (D:3)
  5 bats
  7 endoplasms
  A giant cockroach (D:2)
  3 hobgoblins
  4 kobolds
  2 quokkas (D:3)
  2 ball pythons
  2 frilled lizards
  5 goblins
  2 rats
44 creatures vanquished.

Notes
Turn   | Place    | Note
-------+----------+-------------------------------------------
     0 | D:1      | qw the Deep Elf Hunter began the quest for the Orb.
     0 | D:1      | Reached XP level 1. HP: 12/12 MP: 3/3
     0 | D:1      | 0 ||| qw: Version: 0.3-a-9-g12657ce
     0 | D:1      | 0 ||| qw: Game counter: 3538
     0 | D:1      | 0 ||| qw: Always use a shield: true
     0 | D:1      | 0 ||| qw: God list: Okawaru
     0 | D:1      | 0 ||| qw: Allow faded altars: false
     0 | D:1      | 0 ||| qw: Do Orc after D:15 true
     0 | D:1      | 0 ||| qw: Do second Lair branch before Depths: true
     0 | D:1      | 0 ||| qw: Lair rune preference: random
     0 | D:1      | 0 ||| qw: Plans: Normal
     0 | D:1      | 0 ||| PLANNING D:1-11
    95 | D:1      | Found a faded altar of an unknown god.
   194 | D:1      | Reached skill level 6 in Ranged Weapons
   194 | D:1      | Reached XP level 2. HP: 16/16 MP: 4/4
   319 | D:1      | 319 ||| READING 3 scrolls labelled ENIEDU DADIDGHA.
   320 | D:1      | 320 ||| READING scroll labelled WUICZEQERR.
   325 | D:1      | 325 ||| READING 2 scrolls of identify.
   325 | D:1      | 325 ||| IDENTIFYING lumpy sapphire potion
   326 | D:1      | 326 ||| DROPPING scroll of butterflies.
   327 | D:1      | 327 ||| DROPPING potion of invisibility.
   433 | D:2      | HP: 4/16 [sleepcap (3)]
   436 | D:2      | Reached skill level 7 in Ranged Weapons
   436 | D:2      | Reached XP level 3. HP: 6/20 MP: 5/5
  1043 | D:2      | 1043 ||| UPGRADING to +0 scale mail.
  1053 | D:2      | 1053 ||| DROPPING +0 leather armour.
  1054 | D:2      | 1054 ||| UPGRADING to +0 pair of gloves.
  1059 | D:2      | 1059 ||| READING scroll labelled ZAAGGO VA OTEA.
  1060 | D:2      | 1060 ||| READING 2 scrolls labelled NEYTIZ RIRCH.
  1061 | D:2      | 1061 ||| READING scroll labelled XACRALL DYRU.
  1062 | D:2      | 1062 ||| READING 2 scrolls labelled OPPAED ER ZAANI.
  1063 | D:2      | 1063 ||| READING scroll of enchant armour.
  1063 | D:2      | 1063 ||| ENCHANTING +0 pair of gloves.
  1064 | D:2      | 1064 ||| READING scroll labelled YNEEM FUXKIUQO.
  1065 | D:2      | 1065 ||| DRINKING 4 silvery potions.
  1066 | D:2      | 1066 ||| READING 3 scrolls of identify.
  1066 | D:2      | 1066 ||| IDENTIFYING emerald potion
  1067 | D:2      | 1067 ||| READING 2 scrolls of identify.
  1067 | D:2      | 1067 ||| IDENTIFYING smoky inky potion
  1068 | D:2      | 1068 ||| DROPPING scroll of noise.
  1131 | D:3      | Found Pacihe's Magic Scroll Boutique.
  1140 | D:3      | 1140 ||| BUYING scroll of enchant armour (90 gold).
  1140 | D:3      | Bought a scroll of enchant armour for 90 gold pieces
  1140 | D:3      | 1140 ||| SHOPLISTING scroll of enchant armour (90 gold,
                  | have 34).
  1140 | D:3      | 1140 ||| SHOPLISTING scroll of enchant weapon (90 gold,
                  | have 34).
  1140 | D:3      | 1140 ||| BUYING scroll of identify (24 gold).
  1140 | D:3      | Bought a scroll of identify for 24 gold pieces
  1140 | D:3      | 1140 ||| SHOPLISTING scroll of teleportation (36 gold, have
                  | 10).
  1140 | D:3      | 1140 ||| READING scroll of enchant armour.
  1140 | D:3      | 1140 ||| ENCHANTING +1 pair of gloves.
  1302 | D:3      | Found an ornate altar of the Wu Jian Council.
  1303 | D:3      | Found a transporter.
  1303 | D:3      | Found a glowing golden altar of the Shining One.
  1304 | D:3      | Found an iron altar of Okawaru.
  1306 | D:3      | Noticed a black bear
  1350 | D:3      | Found a hide-covered altar of Uskayaw.
  1358 | D:3      | Reached XP level 4. HP: 22/25 MP: 6/6
  1417 | D:3      | HP: 6/25 [poisoned by an orc]
  1418 | D:3      | 1418 ||| DRINKING potion of heal wounds.
  1514 | D:3      | 1514 ||| FLEEEEING.
  1515 | D:3      | 1515 ||| FLEEEEING.
  1516 | D:3      | 1516 ||| FLEEEEING.
  1540 | D:3      | 1540 ||| FLEEEEING.
  1541 | D:3      | 1541 ||| FLEEEEING.
  1542 | D:3      | 1542 ||| FLEEEEING.
  1543 | D:3      | 1543 ||| FLEEEEING.
  1544 | D:3      | 1544 ||| FLEEEEING.
  1545 | D:3      | 1545 ||| FLEEEEING.
  1546 | D:3      | 1546 ||| FLEEEEING.
  1547 | D:3      | 1547 ||| FLEEEEING.
  1553 | D:3      | 1553 ||| STAIRDANCE
  1577 | D:2      | 1577 ||| UPGRADING to +0 ring mail.
  1587 | D:2      | 1587 ||| DROPPING +0 scale mail.
  1588 | D:2      | 1588 ||| READING scroll labelled OGYPNU FOATHRIO.
  1589 | D:2      | 1589 ||| READING scroll labelled JYTI LUIFI.
  1596 | D:3      | Found a transporter.
  1703 | D:3      | HP: 2/25 [gnoll/+0 whip (7)]
  1704 | D:3      | Slain by an orc

Levels and vault maps discovered:
D:1:      psy_arrival_statuary, layout_rooms,
          shapermc_ecumenical_altar_rom_forum, nrook_mini_vaults
D:2:      layout_basic, minmay_misc_feat_room, minmay_hexomino_f4
D:3:      layout_rooms, gammafunk_temple_overflow_arena, marbit_many_paths,
          serial_shops, shop, kennysheep_cluttered_room

Skill      XL: |  1  2 |
---------------+-------+-----
Ranged Weapons | 6 7 |  7.8
Fighting       | |  1.5
Dodging        | |  2.4
Stealth        | |  1.2

Action                     |  1- 3 |  4- 6 || total
---------------------------+-------+-------++-------
   Fire: Shortbow          |   101 |    43 ||   144
    Use: Scroll            |    12 |     2 ||    14
         Potion            |     1 |     1 ||     2
 Armour: Leather armour    |     8 |       ||     8
         Scale mail        |     8 |    13 ||    21
         Ring mail         |       |     1 ||     1
  Dodge: Dodged            |    24 |    29 ||    53

Table legend:
 A = Non-vault XP
 B = Vault XP
 C = Vault XP percentage of total XP
 D = Non-vault monster count
 E = Vault monster count
 F = Vault count percentage of total count
                 A         B        C        D         E       F
            +---------+---------+-------+---------+---------+-------
      Total |     138 |      11 |   7.4 |      39 |       5 |  11.4
            +---------+---------+-------+---------+---------+-------
        D:1 |      18 |       0 |   0.0 |      11 |       0 |   0.0
        D:2 |      52 |       7 |  11.9 |       9 |       4 |  30.8
        D:3 |      68 |       4 |   5.6 |      19 |       1 |   5.0
            +---------+---------+-------+---------+---------+-------
